 Dungeon Crawl Stone Soup version 0.30.1-9-gdf580d7c3d (webtiles) character file.

Game seed: 16756136766851969625

650759 MySettings the Conqueror (level 26, -14/266 HPs)
             Began as a Minotaur Fighter on Oct 8, 2023.
             Was an Elder of the Shining One.
             Demolished by a death scarab (16 damage)
             ... summoned by a shadow demon
             ... created by a Zot trap
             ... on level 1 of the Tomb of the Ancients on Oct 18, 2023.
             The game lasted 08:59:27 (95895 turns).

MySettings the Conqueror (Minotaur Fighter)        Turns: 95895, Time: 08:59:27

Health: -14/266    AC: 31    Str: 33    XL:     26   Next: 75%
Magic:  29/31      EV: 23    Int: 15    God:    the Shining One [****..]
Gold:   3772       SH: 21    Dex: 26    Spells: 23/25 levels left

rFire   + + +        W - +8 broad axe of the Wheel {flame, Will+ SInv}
rCold   + + +        d - +5 kite shield "Pen Vext" {rPois}
rNeg    + + +        I - +8 gold dragon scales
rPois   +            a - +0 hat of Quutoczu {rPois Str+4 Dex+2}
rElec   +            e - scarf {rC+ rF+}
rCorr   .            V - +2 pair of gloves
SInv    +            O - -1 pair of boots of Compression {Will+++ Str+4 Slay+2}
Will    ++++.        B - amulet of Igozaq {Faith *Corrode rF+ Regen+} Stlth
                     N - ring "Buupt" {rC+ Dex+5}
HPRegen 0.00/turn    c - ring "Meafeyc" {rN+++ Will- Int+6 Dex+7}
MPRegen 0.22/turn

%: corrode self (3%), faith
@: corroded, contaminated, inhibited regen, slowed, glowing, studying
Necromancy, very slow
A: horns 2, retaliatory headbutt, iridescent scales 1, clumsy 1, deformed body,
electricity resistance, inhibited regeneration
}: 5/15 runes: barnacled, slimy, silver, abyssal, gossamer
a: Renounce Religion, Divine Shield, Cleansing Flame


You were on level 1 of the Tomb of the Ancients.
You worshipped the Shining One.
The Shining One was greatly pleased with you.
You visited 14 branches of the dungeon, and saw 56 of its levels.
You visited the Abyss 1 time.
You also visited: Sewer, Ossuary, Bailey and Ice Cave.

You collected 8367 gold pieces.
You spent 4595 gold pieces at shops.

Inventory:

Hand Weapons
 b - the +7 hand crossbow "Guqeurops" {penet, Int-4 Dex+5}
   (Okawaru gifted it to you on level 2 of the Spider Nest)

   Int:       It affects your intelligence (-4).
   Dex:       It affects your dexterity (+5).
 m - the +4 mace of the Original Sin {speed, Str+7}
   (Okawaru gifted it to you on level 2 of the Realm of Zot)

   Str:       It affects your strength (+7).
 x - a +3 demon whip
 H - the +6 great mace of Garruin {holy, Drain rN+++ Dex+3 SInv}
   (You bought it in a shop on level 2 of the Orcish Mines)

   Dex:       It affects your dexterity (+3).
   rN:        It renders you almost immune to negative energy.
   SInv:      It lets you see invisible.
   Drain:     It drains your maximum health when unequipped.
 R - a +2 sacred scourge of holy wrath
 W - the +8 broad axe of the Wheel (weapon) {flame, Will+ SInv}
   (You found it on level 5 of the Pits of Slime)

   SInv:      It lets you see invisible.
   Will:      It increases your willpower.
Missiles
 U - 4 silver javelins (quivered)
Armour
 a - the +0 hat of Quutoczu (worn) {rPois Str+4 Dex+2}
   (Okawaru gifted it to you on level 1 of the Elven Halls)

   Str:       It affects your strength (+4).
   Dex:       It affects your dexterity (+2).
   rPois:     It protects you from poison.
 d - the +5 kite shield "Pen Vext" (worn) {rPois}
   (You acquired it on level 4 of the Dungeon)

   rPois:     It protects you from poison.
 e - a scarf of resistance (worn)
 I - +8 gold dragon scales (worn)
 K - a +0 pair of boots of rampaging
 O - the -1 pair of boots of Compression (worn) {Will+++ Str+4 Slay+2}
   (You found it on level 8 of the Dungeon)

   Str:       It affects your strength (+4).
   Slay:      It affects your accuracy & damage with ranged weapons and melee
   (+2).
   Will:      It greatly increases your willpower.
 S - the +0 pair of gloves "Beanei" {Str+4}
   (You acquired it on level 5 of the Pits of Slime)

   Str:       It affects your strength (+4).
 V - a +2 pair of gloves (worn)
Jewellery
 c - the ring "Meafeyc" (right hand) {rN+++ Will- Int+6 Dex+7}
   (You found it on level 5 of the Pits of Slime)

   [ring of intelligence]

   Int:       It affects your intelligence (+6).
   Dex:       It affects your dexterity (+7).
   rN:        It renders you almost immune to negative energy.
   Will:      It decreases your willpower.
 i - a ring of flight
 z - the ring of Gen Tocs {rPois Will+ Str+4}
   (You took it off a frost giant on level 5 of the Vaults)

   [ring of willpower]

   Str:       It affects your strength (+4).
   rPois:     It protects you from poison.
   Will:      It increases your willpower.
 B - the amulet of Igozaq (around neck) {Faith *Corrode rF+ Regen+}
   (You found it on level 5 of the Pits of Slime)

   [amulet of faith]

   It allows you to gain divine favour quickly.
   rF:        It protects you from fire.
   Regen:     It increases your rate of health regeneration.
   *Corrode:  It may corrode you when you take damage.
 N - the ring "Buupt" (left hand) {rC+ Dex+5}
   (You found it on level 9 of the Dungeon)

   [ring of protection from cold]

   Dex:       It affects your dexterity (+5).
   rC:        It protects you from cold.
 Y - the ring "Rym Sitaas" {Fire Slay+2 SInv}
   (You found it on level 3 of the Depths)

   [ring of fire]

   It enhances your fire magic.
   Slay:      It affects your accuracy & damage with ranged weapons and melee
   (+2).
   rF:        It protects you from fire.
   rC:        It makes you vulnerable to cold.
   SInv:      It lets you see invisible.
 Z - a ring of resist corrosion
Wands
 g - a wand of polymorph (32)
 y - a wand of iceblast (59)
 F - a wand of mindburst (74)
 G - a wand of paralysis (58)
 L - a wand of acid (52)
 M - a wand of flame (74)
 X - a wand of digging (13)
Scrolls
 f - 11 scrolls of fear
 j - 3 scrolls of immolation
 k - 4 scrolls of enchant weapon
 n - 9 scrolls of butterflies
 q - 8 scrolls of magic mapping
 r - 48 scrolls of identify
 t - 26 scrolls of teleportation
 u - 8 scrolls of poison
 v - a scroll of brand weapon
 w - 8 scrolls of fog
 Q - 7 scrolls of silence
Potions
 h - 19 potions of might
 l - 10 potions of mutation
 o - 9 potions of curing
 p - 4 potions of invisibility
 s - 10 potions of resistance
 A - 12 potions of attraction
 D - 6 potions of brilliance
 E - 7 potions of flight
 J - 11 potions of cancellation
 P - 9 potions of berserk rage


   Skills:
 O Level 27 Fighting
 + Level 24.9 Axes
 - Level 10.4 Ranged Weapons
 - Level 14.7 Throwing
 + Level 25.5 Armour
 + Level 20.7 Dodging
 - Level 4.5 Stealth
 + Level 16.0 Shields
 + Level 5.8 Translocations
 - Level 12.7 Invocations
 - Level 8.6 Evocations


You had 23 spell levels left.
You knew the following spells:

 Your Spells              Type           Power      Damage    Failure   Level
a - Blink                 Tloc           34%        N/A       26%         2

Your spell library contained the following spells:

 Spells                   Type           Power      Damage    Failure   Level
 Lesser Beckoning         Tloc           34%        N/A       26%         2
 Gell's Gravitas          Tloc           17%        N/A       45%         3
 Teleport Other           Tloc           17%        N/A       45%         3
 Momentum Strike          Conj/Tloc      16%        3d8       65%         2
 Portal Projectile        Hex/Tloc       16%        N/A       86%         3
 Vhi's Electric Charge    Tloc/Air       16%        N/A       86%         3
 Volatile Blastmotes      Fire/Tloc      16%        2d11      86%         3
 Manifold Assault         Tloc           17%        N/A       86%         4
 Passage of Golubria      Tloc           17%        N/A       86%         4
 Beastly Appendage        Tmut           0%         N/A       88%         1
 Magic Dart               Conj           0%         1d3       88%         1
 Slow                     Hex            0%         N/A       88%         1
 Sting                    Tmut/Pois      0%         1d3       88%         1
 Call Imp                 Summ           0%         N/A       95%         2
 Cigotuvi's Dreadful Rot  Necr/Pois/Air  0%         N/A       95%         2
 Ensorcelled Hibernation  Hex/Ice        0%         N/A       95%         2
 Passwall                 Tmut/Erth      0%         N/A       95%         2
 Poisonous Vapours        Pois/Air       0%         N/A       95%         2
 Scorch                   Fire           0%         2d5       95%         2
 Wereblood                Tmut           0%         N/A       95%         2
 Call Canine Familiar     Summ           0%         N/A       99%         3
 Confusing Touch          Hex            0%         N/A       99%         3
 Dazzling Flash           Conj/Hex       0%         N/A       99%         3
 Hailstorm                Conj/Ice       0%         3d3       99%         3
 Inner Flame              Hex/Fire       0%         N/A       99%         3
 Mephitic Cloud           Conj/Pois/Air  0%         N/A       99%         3
 Ozocubu's Armour         Ice            0%         N/A       99%         3
 Spider Form              Tmut/Pois      0%         N/A       99%         3
 Summon Guardian Golem    Hex/Summ       0%         N/A       99%         3
 Swiftness                Air            0%         N/A       99%         3
 Tukima's Dance           Hex            0%         N/A       99%         3
 Vampiric Draining        Necr           0%         2d6       99%         3
 Iskenderun's Mystic Bla  Conj/Tloc      8%         2d4       99%         4
 Airstrike                Air            0%         2d(0-16)  100%        4
 Anguish                  Hex/Necr       0%         N/A       100%        4
 Animate Armour           Summ/Erth      0%         N/A       100%        4
 Cause Fear               Hex            0%         N/A       100%        4
 Dispel Undead            Necr           0%         3d6       100%        4
 Flame Wave               Conj/Fire      0%         2d4       100%        4
 Ice Form                 Ice/Tmut       0%         N/A       100%        4
 Leda's Liquefaction      Hex/Erth       0%         N/A       100%        4
 Olgreb's Toxic Radiance  Pois           0%         N/A       100%        4
 Petrify                  Tmut/Erth      0%         N/A       100%        4
 Sticky Flame             Conj/Fire      0%         2d3       100%        4
 Summon Lightning Spire   Summ/Air       0%         N/A       100%        4
 Alistair's Intoxication  Tmut/Pois      0%         N/A       100%        5
 Borgnjor's Vile Clutch   Necr/Erth      0%         N/A       100%        5
 Freezing Cloud           Conj/Ice/Air   0%         6-21      100%        5
 Lee's Rapid Deconstruct  Erth           0%         3d4*      100%        5
 Metabolic Englaciation   Hex/Ice        0%         N/A       100%        5
 Silence                  Hex/Air        0%         N/A       100%        5
 Yara's Violent Unravell  Hex/Tmut       0%         3d3       100%        5
 Death Channel            Necr           0%         N/A       100%        6
 Dispersal                Tloc           8%         N/A       100%        6
 Eringya's Noxious Bog    Tmut/Pois      0%         N/A       100%        6
 Simulacrum               Ice/Necr       0%         N/A       100%        6
 Starburst                Conj/Fire      0%         6d3       100%        6
 Statue Form              Tmut/Erth      0%         N/A       100%        6
 Summon Cactus Giant      Summ           0%         N/A       100%        6
 Dragon Form              Tmut           0%         N/A       100%        7
 Malign Gateway           Summ/Tloc      4%         N/A       100%        7
 Orb of Destruction       Conj           0%         9d5       100%        7
 Ozocubu's Refrigeration  Ice            0%         4d7       100%        7
 Spellforged Servitor     Conj/Summ      0%         N/A       100%        7
 Storm Form               Tmut/Air       0%         N/A       100%        7
 Borgnjor's Revivificati  Necr           0%         N/A       100%        8
 Disjunction              Tloc           8%         N/A       100%        8
 Lehudib's Crystal Spear  Conj/Erth      0%         10d2      100%        8
 Necromutation            Tmut/Necr      0%         N/A       100%        8
 Summon Horrible Things   Summ           0%         N/A       100%        8
 Chain Lightning          Conj/Air       0%         N/A       100%        9
 Death's Door             Necr           0%         N/A       100%        9
 Dragon's Call            Summ           0%         N/A       100%        9
 Fire Storm               Conj/Fire      0%         5d1       100%        9
 Shatter                  Erth           0%         3d5*      100%        9


Dungeon Overview and Level Annotations

Branches:
Dungeon (15/15)            Temple (1/1) D:5            Lair (5/5) D:8
 Shoals (4/4) Lair:2       Spider (4/4) Lair:2        Slime (5/5) Lair:4
    Orc (2/2) D:10            Elf (3/3) Orc:2        Vaults (5/5) D:14
  Crypt (3/3) Vaults:2       Tomb (1/3) Crypt:3      Depths (4/4) D:15
   Hell (visited)             Dis (0/7) Hell            Geh (0/7) Hell
    Coc (0/7) Hell            Tar (0/7) Hell            Zot (3/5) Depths:4
  Sewer (visited)         Ossuary (visited)          Bailey (visited)
  IceCv (visited)

Altars:
Ashenzari
Cheibriados
Dithmenos
Elyvilon
Fedhas
Gozag
Hepliaklqana
Kikubaaqudgha
Makhleb
Nemelex Xobeh
Okawaru
Qazlal
Ru
Sif Muna
Trog
Uskayaw
Vehumet
Wu Jian
Xom
Yredelemnul
Zin
The Shining One
Jiyva
Lugonu

Shops:
D:3 *   Orc:1 *   Orc:2 *([:   Elf:1 :=:**   Elf:3 :   Shoals:4 =   Vaults:2 ?
Vaults:5 =   Depths:1 :=

Portals:
Hell: Depths:1 Depths:2 Depths:3 Depths:4
Abyss: Depths:3 Depths:4
Pandemonium: Depths:2 Depths:3
Ziggurat: Depths:3
Trove: Elf:1 (give 13 potions of heal wounds)

Annotations:
Crypt:1 2 transporters, Bunoc's ghost, veteran FoFi


Innate Abilities, Weirdness & Mutations

You have a pair of horns on your head.
You reflexively headbutt those who attack you in melee.
You are partially covered in iridescent scales. (AC +2)
You are clumsy. (Dex -2)
Armour fits poorly on your strangely shaped body.
You are resistant to electric shocks. (rElec)
You do not regenerate when monsters are visible.


Message History

You feel better. You block the death scarab's attack. x2
The death scarab bites you but does no damage.
You block the death scarab's attack. x2; The death scarab misses you.
You furiously retaliate!
You headbutt the death scarab!
The death scarab fails to trigger a net trap.
The death scarab bites you but does no damage.
You feel better.
The ufetubus disappears in a puff of smoke!
You block the death scarab's attack. x2; The death scarab bites you!!
* * * LOW HITPOINT WARNING * * *
The death scarab barely misses you. You furiously retaliate!
You headbutt the death scarab! The death scarab misses you.
The death scarab bites you.
* * * LOW HITPOINT WARNING * * *
The emperor scorpion misses you. You furiously retaliate!
You headbutt the emperor scorpion.
You block the emperor scorpion's attack.
The emperor scorpion claws you but does no damage.
The emperor scorpion stings you but does no damage.
The emperor scorpion claws you but does no damage.
The emperor scorpion misses you. The death scarab completely misses you.
You furiously retaliate!
You headbutt the death scarab! You block the death scarab's attack.
The emperor scorpion stings you.
* * * LOW HITPOINT WARNING * * *
The emperor scorpion claws you but does no damage.
The emperor scorpion closely misses you.
The emperor scorpion completely misses you.
You furiously retaliate!
You headbutt the emperor scorpion!!
The emperor scorpion closely misses you.
The emperor scorpion misses you.
The emperor scorpion completely misses you.
You furiously retaliate!
You headbutt the emperor scorpion! The emperor scorpion misses you.
The emperor scorpion claws you but does no damage.
The death scarab bites you.
* * * LOW HITPOINT WARNING * * *
The death scarab bites you.
* * * LOW HITPOINT WARNING * * *
The death scarab bites you!
You die...

.................................
.................................
#################################
##############################
555Z§§s.§.s5MV2ss............#
58M§MMMs§5....8B@B8..........#
B5Vs.MZV§....M.sB............#...
55M############5..############...


nVs #.B.# .......#... M.M #...# .......#... ..^ #.^.# .....#.^. ... #...#
#.z.#... .^M #...# #...#... .8^ #...# #...'.8. You could see a royal mummy, 4
emperor scorpions, a shadow demon, a guardian mummy (summoned), a vampire
(summoned), 4 death scarabs and 3 ufetubi.

Vanquished Creatures
  the Royal Jelly (Slime:5)
  A dread lich (Vaults:5)
  2 ancient liches
  A royal mummy (Tomb:1)
  Vv (Zot:1)
  Sojobo (Vaults:2)
  Saint Roka (Vaults:2)
  A curse toe (Zot:1)
  6 caustic shrikes
  Geryon (Arena)
  Jory (Vaults:2)
  the Enchantress (Depths:2)
  4 bone dragons
  Nikola (Depths:1)
  7 golden dragons
  3 profane servitors
  3 electric golems
  A Hell Sentinel (Abyss:2)
  4 liches
  8 tentacled monstrosities
  5 titans
  3 deep elf blademasters (Elf:2)
  3 quicksilver dragons
  2 walking divine tomes
  2 deep elf master archers (Elf:3)
  Asterion (Depths:2)
  22 acid blobs
  12 tentacled starspawn
  An Executioner (Abyss:2)
  A death cob (Zot:1)
  13 ancient champions
  5 sphinxes
  13 tengu reavers
  Polyphemus (Shoals:4)
  A sphinx (shapeshifter) (Depths:1)
  2 draconian monks
  7 storm dragons
  Ilsuiw (Shoals:4)
  13 rockslimes
  7 revenants
  10 fire giants
  11 frost giants
  10 shadow dragons
  A draconian knight (Zot:2)
  2 caustic shrike zombies (Crypt:3)
  8 deep elf sorcerers
  3 emperor scorpions
  18 vault wardens
  9 azure jellies
  2 iron dragons
  A draconian annihilator (Zot:1)
  An angel (Abyss:2)
  2 ghost moths
  2 draconian scorchers (Zot:1)
  2 curse skulls
  4 deep elf elementalists
  6 spriggan defenders (Depths:2)
  4 draconian shifters
  A draconian stormcaller (Depths:4)
  3 orc warlords
  4 ghouls
  A caustic shrike skeleton (Crypt:2)
  12 quicksilver oozes
  19 ironbound preservers
  16 stone giants
  6 reapers
  39 very ugly things
  3 ironbound thunderhulks
  5 war gargoyles
  Nessos (D:14)
  13 vampire knights
  6 deep elf demonologists
  7 black draconians
  5 dire elephants
  6 green draconians
  4 white draconians
  8 deep elf annihilators
  A putrid mouth (Hell)
  4 yellow draconians
  5 purple draconians
  8 spark wasps
  8 red draconians
  A wendigo (Depths:2)
  6 mummy priests (Tomb:1)
  8 deep elf death magi
  11 merfolk impalers
  6 merfolk javelineers (Shoals:4)
  A blizzard demon (Depths:2)
  6 entropy weavers
  7 jiangshi
  Josephine (D:12)
  6 fire dragons
  7 ettins
  13 yaktaur captains
  7 eidola
  4 deep elf high priests
  5 rakshasas
  2 spriggan zombies
  15 great orbs of eyes
  12 ice dragons
  Fannar (D:12)
  39 vault guards
  Harold (D:11)
  6 hydras
  A jorogumo (Spider:2)
  2 ghost crabs (Spider:4)
  10 ironbound frosthearts
  2 merfolk avatars
  2 ogre magi (Vaults:5)
  6 spriggan air magi
  An Orb Guardian zombie (Crypt:3)
  3 spriggan skeletons
  A bennu zombie (Crypt:1)
  11 two-headed ogres
  2 alligator snapping turtles (Shoals:3)
  A death knight (Crypt:3)
  15 centaur warriors
  2 radroaches (Spider:4)
  A peacekeeper (Vaults:2)
  2 catoblepae
  5 merfolk aquamancers
  4 death yaks (Shoals:4)
  12 boulder beetles
  38 dancing weapons
  3 deep troll shamans
  12 tengu warriors
  24 death scarabs (Tomb:1)
  2 satyrs
  4 orc high priests
  7 hell hogs
  7 deep troll earth magi
  9 vampire magi
  2 storm dragon zombies
  12 large abominations
  14 thrashing horrors
  Sonja (Lair:4)
  5 spriggan berserkers
  9 soul eaters
  20 deep elf knights
  5 sun demons
  A titan skeleton (Crypt:2)
  15 hell knights
  9 wretched stars
  4 skysharks
  25 skeletal warriors
  A shadow wraith (Hell)
  A skyshark (shapeshifter) (Vaults:3)
  8 iron trolls
  A bunyip zombie (Abyss:2)
  33 deep trolls
  9 sea snakes
  A ghost moth zombie (Crypt:1)
  A sun moth (Spider:4)
  10 orb spiders
  3 glowing orange brains
  3 salamander mystics (Depths:1)
  9 flayed ghosts
  12 lindwurms
  A swamp dragon (Lair:5)
  8 pharaoh ants
  6 wizards
  An orange crystal statue (IceCv)
  16 ironbound convokers
  2 bog bodies
  10 phantasmal warriors
  Pikel (D:6)
  21 deep elf archers
  A bunyip skeleton (Hell)
  6 steelbarb worms
  35 deep elf zephyrmancers
  10 orc knights
  11 necromancers
  A fenstrider witch simulacrum (Crypt:2)
  5 harpies (Shoals:4)
  A fire giant zombie (Crypt:3)
  A mana viper (Abyss:2)
  36 deep elf pyromancers
  9 orc sorcerers
  6 shining eyes
  16 ugly things
  30 fauns
  6 salamanders (Depths:1)
  15 cyclopes
  A faun (shapeshifter) (Vaults:4)
  17 moths of wrath
  A moth of wrath (shapeshifter) (Depths:4)
  12 wolf spiders
  3 worldbinders
  14 merfolk sirens
  A shining eye (shapeshifter) (Vaults:5)
  A stone giant skeleton (Tomb:1)
  17 manticores
  8 smoke demons
  An eye of devastation (Slime:2)
  A naga mage (Depths:1)
  2 rust devils
  13 elephants
  A water nymph (shapeshifter) (Depths:4)
  6 black mambas
  8 water nymphs
  A gargoyle (D:10)
  13 demonic crawlers
  13 vault sentinels
  An eye of devastation (shapeshifter) (Vaults:5)
  An alligator snapping turtle zombie (Abyss:2)
  A torpor snail (Spider:2)
  7 storm dragon simulacra (IceCv)
  2 unseen horrors
  7 orange demons
  14 cane toads
  4 centaur skeletons
  2 hellions
  A yaktaur (shapeshifter) (Orc:2)
  3 efreet
  7 rime drakes
  11 komodo dragons
  Psyche (D:8)
  An anaconda simulacrum (Shoals:4)
  A kobold demonologist (D:10)
  40 yaktaurs
  4 tengu conjurers
  5 golden dragon simulacra (IceCv)
  3 ice devils (Depths:2)
  6 ancient zymes
  5 freezing wraiths
  2 human skeletons (Vaults:3)
  A pale draconian skeleton (Crypt:1)
  3 harpy zombies
  A red devil (Depths:3)
  43 merfolk
  A silent spectre (Abyss:2)
  2 hydra zombies (Abyss:2)
  10 guardian mummies
  6 meliai
  2 catoblepas skeletons
  11 trolls
  3 hellwings
  A sphinx simulacrum (Vaults:3)
  14 tarantellas
  9 hornets
  A tarantella (shapeshifter) (Depths:2)
  6 tyrant leeches (Spider:4)
  4 polar bears
  3 harpy skeletons
  7 blink frogs
  7 wind drakes
  A hydra skeleton (Crypt:3)
  10 snapping turtles
  6 raiju (Abyss:2)
  12 dream sheep
  4 flying skulls (Crypt:2)
  Sigmund (D:3)
  4 air elementals
  A centaur simulacrum (D:15)
  13 jumping spiders
  88 slime creatures
  8 spriggans
  6 shadows
  5 wyverns
  5 dire elephant simulacra
  A yak (shapeshifter) (D:15)
  16 culicivoras
  6 vampires
  4 ynoxinuls (Abyss:2)
  An ushabti (Tomb:1)
  15 wraiths
  6 fire elementals
  19 starcursed masses
  10 water elementals
  61 yaks
  11 golden eyes
  2 neqoxecs (Abyss:1)
  7 basilisks
  A chaos spawn (Abyss:2)
  4 steam dragons
  22 vampire mosquitoes
  28 redbacks
  5 acid dragons
  A harpy simulacrum (Crypt:3)
  A fire bat zombie (Crypt:2)
  2 wargs
  A naga zombie (Crypt:2)
  Duvessa (D:5)
  A glowing shapeshifter skeleton (Crypt:1)
  A fire bat skeleton (Crypt:1)
  14 water moccasins
  2 floating eyes
  5 hell hounds (Depths:2)
  52 orc warriors
  2 swamp drakes (Lair:5)
  3 black bears
  5 ice beasts
  A sky beast (D:7)
  An alligator simulacrum (Shoals:4)
  5 ice dragon simulacra (IceCv)
  9 wolves
  A torpor snail zombie (Crypt:2)
  9 centaurs
  A boggart (D:14)
  12 ogres
  A phantom (D:6)
  14 small abominations
  Blork the orc (D:4)
  2 gnoll sergeants
  5 kobold brigands
  13 bullfrogs
  11 scorpions
  A cyclops zombie (Crypt:2)
  2 earth elementals (Depths:1)
  A salamander skeleton (Crypt:2)
  2 deep troll simulacra (Shoals:4)
  A yaktaur skeleton (Crypt:1)
  2 water moccasin zombies (D:6)
  5 wights (D:8)
  2 necrophages
  Dowan (D:5)
  14 killer bees
  A queen bee zombie (Crypt:1)
  5 lindwurm simulacra
  A swamp dragon simulacrum (Hell)
  3 vampire bats (Orc:2)
  A polar bear skeleton (Crypt:1)
  5 electric eels
  A centaur zombie (D:6)
  A bullfrog zombie (D:6)
  3 quasits (Abyss:2)
  3 hounds
  A jelly (Lair:4)
  A gnoll bouda (D:8)
  3 human zombies (Ossuary)
  Crazy Yiuf (D:4)
  8 iguanas
  16 orc priests
  Jessica (D:2)
  A black bear skeleton (Crypt:3)
  Ijyb (D:4)
  Terence (D:2)
  18 orc wizards
  A boggart skeleton (D:14)
  A killer bee zombie (D:6)
  A naga skeleton (Crypt:1)
  A tengu skeleton (Crypt:1)
  A deep dwarf skeleton (Crypt:1)
  11 mummies
  2 howler monkey zombies
  9 gnolls
  5 adders
  3 river rats
  4 shadow imps
  9 white imps
  7 ufetubi
  2 worms (Sewer)
  A dart slug (D:1)
  77 orcs
  7 endoplasms
  4 giant cockroaches
  A gnoll zombie (Ossuary)
  12 goblins
  7 hobgoblins
  6 jackals
  4 quokkas
  15 ball pythons
  10 bats
  2 frilled lizards
  2 hobgoblin zombies (Ossuary)
  2 jackal skeletons
  24 kobolds
  A kobold zombie (Ossuary)
  An orc zombie (Ossuary)
  8 rats
  A butterfly (Lair:3)
  A fire vortex (Hell)
  A lurking horror (Abyss:2)
  2 spectral weapons (Depths:2)
  16 starspawn tentacles
2595 creatures vanquished.

Vanquished Creatures (others)
  2 fire giants
  A deep elf knight (Elf:2)
  A fenstrider witch simulacrum (Hell)
  A deep elf pyromancer (Elf:1)
  A wolf spider (Spider:1)
  A shadow dragon simulacrum (Hell)
  2 golden eyes (Abyss:2)
  A harpy simulacrum (Hell)
  A small abomination (Abyss:2)
  An ettin simulacrum (Hell)
  A creeping inferno (Hell)
  27 starspawn tentacles
40 creatures vanquished.

Grand Total: 2635 creatures vanquished

Notes
Turn   | Place    | Note
-------+----------+-------------------------------------------
     0 | D:1      | MySettings the Minotaur Fighter began the quest for the
                  | Orb.
     0 | D:1      | Reached XP level 1. HP: 19/19 MP: 0/0
    69 | D:1      | Reached XP level 2. HP: 26/26 MP: 1/1
    93 | D:1      | You fall into a shaft and drop 1 floor!
   281 | D:1      | Reached XP level 3. HP: 26/31 MP: 0/2
   737 | D:2      | Found a snail-covered altar of Cheibriados.
   737 | D:2      | Noticed Terence
   742 | D:2      | Killed Terence
   743 | D:2      | Reached skill level 5 in Axes
   818 | D:2      | Reached XP level 4. HP: 30/39 MP: 3/3
  1261 | D:2      | Noticed Jessica
  1267 | D:2      | Killed Jessica
  1376 | D:3      | Found a glowing drain.
  1377 | D:3      | Noticed Sigmund
  1392 | D:3      | Killed Sigmund
  1393 | D:3      | Reached XP level 5. HP: 14/45 MP: 0/4
  1393 | D:3      | Reached XP level 6. HP: 15/51 MP: 0/5
  1442 | Sewer    | Entered a sewer
  2187 | D:3      | Found Gozag's Platinum Reserve.
  2394 | D:3      | Found a sacrificial altar of Ru.
  2485 | D:3      | Found an opulent altar of Gozag.
  2614 | D:4      | Identified a scroll of acquirement
  2614 | D:4      | Acquired the +5 kite shield "Pen Vext" {rPois}
  2642 | D:4      | Found a sand-covered staircase.
  2647 | Ossuary  | Entered an ossuary
  2735 | Ossuary  | Reached XP level 7. HP: 55/58 MP: 6/6
  2925 | Ossuary  | Reached skill level 4 in Fighting
  3126 | D:4      | Noticed Ijyb
  3149 | D:4      | Killed Ijyb
  3395 | D:4      | Noticed Blork the orc
  3403 | D:4      | Killed Blork the orc
  3467 | D:4      | Found a blossoming altar of Fedhas.
  3638 | D:4      | Found a runed translucent door.
  3639 | D:4      | Noticed Crazy Yiuf
  3730 | D:4      | Found a hide-covered altar of Uskayaw.
  3913 | D:4      | Killed Crazy Yiuf
  4036 | D:5      | Entered Level 5 of the Dungeon
  4043 | D:4      | Reached skill level 10 in Axes
  4052 | D:5      | Reached skill level 5 in Fighting
  4052 | D:5      | Reached skill level 5 in Armour
  4052 | D:5      | Reached XP level 8. HP: 68/68 MP: 7/7
  4176 | D:5      | Found a staircase to the Ecumenical Temple.
  4188 | Temple   | Entered the Ecumenical Temple
  4226 | Temple   | Became a worshipper of Warmaster Okawaru
  4626 | D:5      | Noticed Duvessa
  4626 | D:5      | Noticed Dowan
  4631 | D:5      | Killed Duvessa
  4637 | D:5      | Killed Dowan
  4719 | D:5      | Found a shadowy altar of Dithmenos.
  4800 | D:5      | Found an ancient bone altar of Kikubaaqudgha.
  5124 | D:6      | Reached skill level 6 in Fighting
  5162 | D:6      | Noticed Pikel
  5168 | D:6      | Killed Pikel
  5168 | D:6      | Reached * piety under Okawaru
  5178 | D:6      | Reached XP level 9. HP: 78/78 MP: 8/8
  5267 | D:6      | Found an ornate altar of the Wu Jian Council.
  5532 | D:6      | Reached skill level 7 in Fighting
  5627 | D:6      | Reached ** piety under Okawaru
  6024 | D:6      | Found a basalt altar of Yredelemnul.
  6360 | D:7      | Identified the +9 plate armour of the Lion {Will+}
  6439 | D:7      | Found a stormy altar of Qazlal.
  6720 | D:7      | Reached *** piety under Okawaru
  6721 | D:7      | Reached skill level 8 in Fighting
  7002 | D:7      | Reached XP level 10. HP: 79/90 MP: 7/9
  7044 | D:7      | Reached skill level 1 in Invocations
  7044 | D:7      | Reached skill level 1 in Evocations
  7097 | D:7      | Reached **** piety under Okawaru
  7156 | D:7      | Reached skill level 9 in Fighting
  7227 | D:8      | Found a staircase to the Lair.
  7450 | D:8      | Noticed Psyche
  7461 | D:8      | Killed Psyche
  7555 | D:8      | Reached skill level 5 in Shields
  7592 | D:8      | Received a gift from Okawaru
  8298 | D:9      | Reached skill level 10 in Fighting
  8309 | D:9      | Reached ***** piety under Okawaru
  8313 | D:9      | Reached XP level 11. HP: 88/99 MP: 10/12
  8619 | D:9      | Identified the ring "Buupt" {rC+ Dex+5}
  9160 | D:10     | Entered Level 10 of the Dungeon
  9260 | D:10     | Found a flagged portal.
  9270 | Bailey   | Entered a bailey
  9627 | Bailey   | Noticed an orc knight
  9627 | Bailey   | Noticed an orc knight
  9639 | Bailey   | Killed an orc knight
  9652 | Bailey   | Killed an orc knight
  9854 | Bailey   | Identified the +8 triple crossbow "Zefa" {drain, +Blink
                  | Will- rCorr Dex+6}
 10167 | D:10     | Reached skill level 11 in Fighting
 10167 | D:10     | Reached skill level 15 in Axes
 10597 | D:10     | Noticed a two-headed ogre
 10614 | D:10     | Killed a two-headed ogre
 10940 | D:10     | Noticed a two-headed ogre
 10948 | D:10     | Killed a two-headed ogre
 10967 | D:10     | Found a staircase to the Orcish Mines.
 11248 | Lair:1   | Entered Level 1 of the Lair of Beasts
 11248 | Lair:1   | Noticed a skyshark
 11278 | Lair:1   | Killed a skyshark
 11278 | Lair:1   | Received a gift from Okawaru
 11279 | Lair:1   | Reached skill level 10 in Armour
 11661 | Lair:1   | Reached XP level 12. HP: 111/111 MP: 14/14
 12084 | Lair:1   | Reached skill level 12 in Fighting
 12251 | Lair:1   | Reached skill level 5 in Invocations
 12616 | Lair:2   | Found a staircase to the Shoals.
 13120 | Lair:2   | Identified the +4 triple sword of Alen Fes {venom, Contam
                  | rC++} (Okawaru gifted it to you on level 2 of the Lair of
                  | Beasts)
 13120 | Lair:2   | Received a gift from Okawaru
 13219 | Lair:2   | Found a hole to the Spider Nest.
 13617 | Lair:2   | Reached skill level 5 in Evocations
 13749 | Lair:3   | Noticed a five-headed hydra
 13758 | Lair:3   | Killed a nine-headed hydra
 13759 | Lair:3   | Reached skill level 13 in Fighting
 13882 | Lair:3   | Received a gift from Okawaru
 14214 | Lair:4   | Reached XP level 13. HP: 122/122 MP: 16/16
 14515 | Lair:4   | Reached skill level 1 in Dodging
 14518 | Lair:4   | Reached skill level 1 in Throwing
 14604 | Lair:4   | Found a runed translucent door.
 14605 | Lair:4   | Found a staircase to the Slime Pits.
 15352 | Orc:1    | Entered Level 1 of the Orcish Mines
 15370 | Orc:2    | Entered Level 2 of the Orcish Mines
 15807 | Orc:1    | Reached ****** piety under Okawaru
 16157 | Orc:2    | Noticed an orc warlord
 16273 | Orc:1    | Killed an orc warlord
 16274 | Orc:1    | Reached skill level 14 in Fighting
 16436 | Orc:2    | Found Omagyoby's Antique Weapon Shoppe.
 16518 | Orc:2    | Identified the +1 pair of boots of Quiet Fog {rF++}
                  | (Okawaru gifted it to you on level 2 of the Orcish Mines)
 16518 | Orc:2    | Received a gift from Okawaru
 16613 | Orc:2    | Found Dotuul's Book Emporium.
 16635 | Orc:2    | Found Yfaocu's Antique Armour Shop.
 16834 | Orc:2    | Found a staircase to the Elven Halls.
 16897 | Orc:2    | Noticed an orc warlord
 16958 | Orc:2    | Found Plog's General Store.
 17062 | Orc:2    | Killed an orc warlord
 17218 | Orc:1    | Found Moteryoh's General Store.
 17483 | Orc:1    | Paralysed by an orc sorcerer for 2 turns
 17812 | Orc:2    | Bought a glowing broad axe for 217 gold pieces
 17833 | Orc:2    | Bought a glowing scarf for 304 gold pieces
 18359 | Orc:1    | Bought a potion of haste for 150 gold pieces
 18359 | Orc:1    | Bought a potion of might for 60 gold pieces
 18426 | Orc:2    | Bought a scroll of teleportation for 42 gold pieces
 18426 | Orc:2    | Bought a wand of digging (6) for 352 gold pieces
 18888 | Lair:5   | Entered Level 5 of the Lair of Beasts
 19059 | Lair:4   | Reached XP level 14. HP: 133/133 MP: 18/18
 19119 | Lair:5   | Noticed Sonja
 19174 | Lair:4   | Killed Sonja
 19400 | Lair:5   | Received a gift from Okawaru
 19830 | Lair:5   | Reached skill level 15 in Fighting
 20137 | Lair:5   | Reached skill level 10 in Shields
 20574 | Lair:5   | Reached skill level 5 in Dodging
 21216 | D:11     | Received a gift from Okawaru
 21580 | D:11     | Received a gift from Okawaru
 21652 | D:11     | Identified the +1 spear "Ceyl" {flame, *Corrode rN++ Int+5}
 21724 | D:11     | Identified the +1 buckler of Defiance {rPois MP+9} (Okawaru
                  | gifted it to you on level 11 of the Dungeon)
 21724 | D:11     | Received a gift from Okawaru
 21831 | D:11     | Identified the +5 quarterstaff of a bailey {flame, MP-9
                  | Dex+4}
 21856 | D:11     | Reached XP level 15. HP: 81/143 MP: 11/20
 22323 | D:11     | Noticed Harold
 22339 | D:11     | Killed Harold
 22386 | D:11     | Reached skill level 16 in Fighting
 22690 | D:11     | Found an ornate altar of the Wu Jian Council.
 23371 | D:12     | Noticed Fannar
 23381 | D:12     | Killed Fannar
 24279 | D:12     | Noticed Josephine
 24301 | D:12     | Killed Josephine
 24302 | D:12     | Reached skill level 5 in Throwing
 25927 | D:14     | Identified the +4 scale mail "Zoxzuagg" {rC+} (Okawaru
                  | gifted it to you on level 14 of the Dungeon)
 25927 | D:14     | Received a gift from Okawaru
 26027 | D:14     | Noticed Nessos
 26039 | D:14     | Killed Nessos
 27276 | Lair:3   | Found a shimmering altar of Xom.
 28072 | D:14     | Found a gate to the Vaults.
 28206 | D:15     | Entered Level 15 of the Dungeon
 28309 | D:15     | Reached skill level 17 in Fighting
 28309 | D:15     | Reached skill level 1 in Ranged Weapons
 29110 | D:15     | Found a staircase to the Depths.
 29133 | Depths:1 | Entered Level 1 of the Depths
 29346 | Spider:1 | Entered Level 1 of the Spider Nest
 29534 | Spider:1 | Reached XP level 16. HP: 155/155 MP: 21/21
 29944 | Spider:1 | Received a gift from Okawaru
 30864 | Spider:2 | Identified the +7 hand crossbow "Guqeurops" {penet, Int-4
                  | Dex+5} (Okawaru gifted it to you on level 2 of the Spider
                  | Nest)
 30864 | Spider:2 | Received a gift from Okawaru
 32283 | Spider:3 | Reached skill level 18 in Fighting
 32661 | Spider:4 | Entered Level 4 of the Spider Nest
 32771 | Spider:4 | Identified the +0 cloak of Okawaru's Castigation {Str+3}
                  | (Okawaru gifted it to you on level 4 of the Spider Nest)
 32771 | Spider:4 | Received a gift from Okawaru
 32831 | Spider:4 | Reached skill level 10 in Invocations
 33794 | Spider:4 | Reached skill level 5 in Ranged Weapons
 34231 | Spider:4 | Reached XP level 17. HP: 100/166 MP: 23/23
 34569 | Spider:4 | Got a gossamer rune of Zot
 34919 | Vaults:1 | Entered Level 1 of the Vaults
 35008 | Vaults:1 | Received a gift from Okawaru
 35458 | Vaults:1 | Received a gift from Okawaru
 35572 | Vaults:1 | Reached skill level 19 in Fighting
 36183 | Vaults:1 | Reached skill level 15 in Armour
 37694 | Elf:1    | Entered Level 1 of the Elven Halls
 37701 | Orc:2    | Paralysed by an air elemental for 1 turns
 37898 | Orc:2    | Reached skill level 10 in Dodging
 38267 | Elf:1    | Found Oguodgh's Book Shoppe.
 38380 | Elf:1    | Found a portal to a secret trove of treasure.
 38448 | Elf:1    | Found Xuesch's General Store.
 38451 | Elf:1    | Found Zeomyid's Assorted Antiques.
 38451 | Elf:1    | Found Duemod's Jewellery Emporium.
 38495 | Elf:1    | Found Qav Hag's Book Emporium.
 38519 | Elf:1    | Bought a twisted plate armour for 924 gold pieces
 38519 | Elf:1    | Identified the +7 plate armour of Impatience {*Corrode
                  | Will+ Str+4 Stlth+} (You bought it in a shop on level 1 of
                  | the Elven Halls)
 38532 | Elf:1    | Bought an amulet of reflection for 390 gold pieces
 38623 | Elf:1    | Identified the +0 hat of Quutoczu {rPois Str+4 Dex+2}
                  | (Okawaru gifted it to you on level 1 of the Elven Halls)
 38623 | Elf:1    | Received a gift from Okawaru
 39021 | Elf:1    | Paralysed by an air elemental for 1 turns
 39025 | Elf:1    | Paralysed by an air elemental for 1 turns
 39029 | Elf:1    | Paralysed by an air elemental for 1 turns
 39062 | Elf:1    | Reached skill level 20 in Fighting
 39449 | Elf:1    | Reached XP level 18. HP: 102/178 MP: 25/25
 40527 | D:8      | Identified the -1 pair of boots of Compression {Will+++
                  | Str+4 Slay+2}
 40751 | Shoals:1 | Entered Level 1 of the Shoals
 41004 | Shoals:1 | Got the Notes on Putrescence
 41341 | Shoals:1 | Identified the staff of air "Fipnusch" {rElec rCorr Str+3}
 41437 | Shoals:2 | Received a gift from Okawaru
 42435 | Shoals:2 | Identified the +0 robe "Edixeziw" {+Blink}
 42701 | Shoals:3 | Identified the +0 arbalest of a sewer {penet, Contam rPois
                  | rN+++ rCorr} (Okawaru gifted it to you on level 3 of the
                  | Shoals)
 42701 | Shoals:3 | Received a gift from Okawaru
 43194 | Shoals:3 | Reached skill level 21 in Fighting
 43902 | Shoals:4 | Entered Level 4 of the Shoals
 44277 | Shoals:4 | Found a frozen archway.
 44481 | IceCv    | Entered an ice cave
 44607 | IceCv    | Identified the +1 hat of Okawaru's Regard {rPois Dex-2
                  | Stlth+} (Okawaru gifted it to you in an ice cave)
 44607 | IceCv    | Received a gift from Okawaru
 44942 | IceCv    | Noticed a golden dragon
 44960 | IceCv    | Killed a golden dragon
 45222 | IceCv    | Identified the ring of the Many Cities {rPois rN+}
 45229 | IceCv    | Identified the ring "Loggy" {Will+ MP+9 Str+2 Stlth+}
 46413 | Shoals:4 | Noticed Ilsuiw
 46728 | Shoals:4 | Killed Ilsuiw
 46878 | Shoals:4 | Found Ruirrek's Jewellery Shoppe.
 47047 | Shoals:4 | Reached XP level 19. HP: 125/190 MP: 27/27
 47883 | Shoals:4 | Got a barnacled rune of Zot
 48420 | Shoals:4 | Got the Grimoire of Phantasmal Shapeshifting
 48671 | Shoals:4 | Identified the +6 plate armour of Valour {-Cast rElec
                  | Dex+3}
 48991 | Shoals:4 | Noticed Polyphemus
 49019 | Shoals:4 | Killed Polyphemus
 49839 | Vaults:2 | Found Nuedey's Magic Scroll Emporium.
 49925 | Vaults:2 | Found a staircase to the Crypt.
 49925 | Vaults:2 | Found a basalt altar of Yredelemnul.
 49925 | Vaults:2 | Found an ancient bone altar of Kikubaaqudgha.
 49967 | Vaults:2 | Received a gift from Okawaru
 50129 | Vaults:2 | Noticed Sojobo
 50134 | Vaults:2 | Paralysed by an air elemental for 1 turns
 50139 | Vaults:2 | Paralysed by an air elemental for 1 turns
 50151 | Vaults:2 | Killed Sojobo
 50538 | Vaults:2 | Received a gift from Okawaru
 50564 | Vaults:2 | Reached skill level 22 in Fighting
 50838 | Vaults:2 | Noticed Jory
 50880 | Vaults:2 | Killed Jory
 51040 | Vaults:1 | Identified the +2 hand axe "Zuol" {freeze, Will+} (Okawaru
                  | gifted it to you on level 1 of the Vaults)
 51040 | Vaults:1 | Received a gift from Okawaru
 51447 | Vaults:2 | Noticed Saint Roka
 51463 | Vaults:2 | Killed Saint Roka
 51686 | Vaults:2 | You fall into a shaft and drop 1 floor!
 52674 | Vaults:3 | Received a gift from Okawaru
 52752 | Vaults:3 | Reached XP level 20. HP: 181/201 MP: 28/28
 53388 | Vaults:3 | Identified the +5 mace of Resourcefulness {speed, +Blink
                  | rF+ Str+3}
 54080 | Vaults:3 | Received a gift from Okawaru
 55923 | Vaults:4 | Identified the +11 spear "Kailyna" {heavy, Fragile rF+
                  | Int+10}
 57815 | Elf:2    | Found an ancient bone altar of Kikubaaqudgha.
 58687 | Elf:2    | Found a runed translucent gate.
 58687 | Elf:2    | Found a runed translucent gate.
 58689 | Elf:2    | Found a runed translucent gate.
 58905 | Elf:2    | Reached skill level 23 in Fighting
 58992 | Elf:2    | Received a gift from Okawaru
 59431 | Elf:3    | Entered Level 3 of the Elven Halls
 59500 | Elf:2    | Received a gift from Okawaru
 59830 | Elf:3    | Reached skill level 15 in Shields
 60013 | Elf:3    | Found Decwafoa's Book Shop.
 60156 | Elf:3    | Reached XP level 21. HP: 202/207 MP: 29/29
 60326 | Elf:3    | Received a gift from Okawaru
 60678 | Elf:3    | Gained mutation: You have hidden genetic defects. [a
                  | cacodemon]
 60697 | Elf:3    | Paralysed by an air elemental for 1 turns
 60857 | Elf:3    | Received a gift from Okawaru
 61836 | Elf:3    | Identified the +6 trident of Abomination {drain, rElec}
 62188 | Elf:3    | Gained mutation: You are occasionally teleported next to
                  | monsters. [hidden defects]
 62222 | Elf:3    | Lost mutation: You are occasionally teleported next to
                  | monsters. [potion of mutation]
 62222 | Elf:3    | Lost mutation: You have hidden genetic defects. [potion of
                  | mutation]
 62222 | Elf:3    | Gained mutation: Your body sometimes deteriorates upon
                  | taking damage. [potion of mutation]
 62222 | Elf:3    | Gained mutation: You passively dampen the noise of your
                  | surroundings. [potion of mutation]
 62223 | Elf:3    | Lost mutation: Your body sometimes deteriorates upon taking
                  | damage. [potion of mutation]
 62223 | Elf:3    | Lost mutation: You passively dampen the noise of your
                  | surroundings. [potion of mutation]
 62223 | Elf:3    | Gained mutation: Your spells are a little easier to cast,
                  | but a little less powerful. [potion of mutation]
 62226 | Elf:3    | Reached skill level 15 in Dodging
 62267 | Elf:3    | Received a gift from Okawaru
 62478 | Elf:3    | Got the Meditations on the Welkin
 62497 | Elf:3    | Identified the staff of conjuration "Oxtyxy Hilem" {rPois}
 62504 | Elf:3    | Identified the +0 helmet "Huzattai" {Contam rF+ Int+2
                  | Slay+5}
 63128 | Depths:1 | Got Sif Muna's Parchment of the Quarry
 63484 | Depths:1 | Noticed Nikola
 63498 | Depths:1 | Killed Nikola
 63595 | Depths:1 | Found Doceuz's Jewellery Emporium.
 63596 | Depths:1 | Found Nuimpa Ziga's Book Shop.
 63598 | Depths:1 | Found Deedy's Jewellery Emporium.
 63776 | Depths:1 | Identified the +0 robe "Baplieno" {Int+4 Dex-3} (Okawaru
                  | gifted it to you on level 1 of the Depths)
 63776 | Depths:1 | Received a gift from Okawaru
 63966 | Depths:1 | Identified the +2 demon trident of the Inferno {freeze,
                  | MP-9 Str-2 Int+2 Dex+9}
 64053 | Depths:1 | Found a gateway to Hell.
 64556 | Depths:2 | Found a one-way gate leading to the halls of Pandemonium.
 64943 | Depths:2 | Noticed the Enchantress
 64968 | Depths:2 | Killed the Enchantress
 65306 | Depths:2 | Noticed a golden dragon
 65329 | Depths:2 | Killed a golden dragon
 65379 | Depths:2 | Noticed a golden dragon
 65417 | Depths:2 | Noticed a caustic shrike
 65419 | Depths:2 | Reached skill level 24 in Fighting
 65435 | Depths:2 | Killed a caustic shrike
 65443 | Depths:2 | Reached XP level 22. HP: 125/222 MP: 30/30
 65957 | Depths:2 | Killed a golden dragon
 66389 | Depths:2 | Received a gift from Okawaru
 67172 | Depths:2 | Noticed Asterion
 67181 | Depths:2 | Killed Asterion
 67824 | Slime:1  | Entered Level 1 of the Pits of Slime
 68487 | Slime:2  | Gained mutation: You are robust. (+10% HP) [a shining eye]
 69120 | Slime:2  | Gained mutation: Your magical capacity is low. (-10% MP) [a
                  | shining eye]
 69122 | Slime:2  | Gained mutation: You occasionally lose the ability to drink
                  | potions when taking damage. [a shining eye]
 69299 | Slime:3  | Gained mutation: You are weak. (Str -2) [a shining eye]
 69300 | Slime:3  | Gained mutation: You do not regenerate when monsters are
                  | visible. [a shining eye]
 69302 | Slime:3  | Gained mutation: Armour fits poorly on your strangely
                  | shaped body. [a shining eye]
 70536 | Slime:4  | Paralysed by a floating eye for 4 turns
 70995 | Slime:5  | Entered Level 5 of the Pits of Slime
 71178 | Slime:5  | Gained mutation: You occasionally lose the ability to read
                  | scrolls when taking damage. [a shining eye]
 71204 | Slime:5  | Gained mutation: You occasionally shout uncontrollably at
                  | your foes. [a shining eye]
 71225 | Slime:5  | Identified the scarf "Naroiwn" {harm, Regen+} (Okawaru
                  | gifted it to you on level 5 of the Pits of Slime)
 71225 | Slime:5  | Received a gift from Okawaru
 71586 | Slime:5  | Gained mutation: You sometimes lose your temper in combat.
                  | [a shining eye]
 71587 | Slime:5  | Lost mutation: You are robust. (+10% HP) [a shining eye]
 71588 | Slime:5  | Noticed the Royal Jelly
 72004 | Slime:5  | Found a viscous altar of Jiyva.
 72181 | Slime:5  | Killed the Royal Jelly
 72182 | Slime:5  | Reached XP level 23. HP: 193/232 MP: 20/28
 72405 | Slime:5  | Identified the ring "Meafeyc" {rN+++ Will- Int+6 Dex+7}
 72442 | Slime:5  | Got a slimy rune of Zot
 72451 | Slime:5  | Identified the staff of fire "Bautyade" {rF+ Str+2}
 72463 | Slime:5  | Identified the +1 scale mail "Kossudis" {rPois Will+ rCorr
                  | Slay+2}
 72606 | Slime:5  | Identified the +8 broad axe of the Wheel {flame, Will+
                  | SInv}
 72629 | Slime:5  | Identified the +6 troll leather armour of Fortification
                  | {rElec rPois Regen+ Dex+3}
 72665 | Slime:5  | Identified the staff of poison "Isieheen" {rPois rC+ Str+3}
 72682 | Slime:5  | Identified the amulet of Igozaq {Faith *Corrode rF+ Regen+}
 72734 | Slime:5  | Acquired the +0 pair of gloves "Beanei" {Str+4}
 72770 | Slime:5  | Lost mutation: You are weak. (Str -2) [potion of mutation]
 72770 | Slime:5  | Lost mutation: Your spells are a little easier to cast, but
                  | a little less powerful. [potion of mutation]
 72770 | Slime:5  | Lost mutation: Your magical capacity is low. (-10% MP)
                  | [potion of mutation]
 72770 | Slime:5  | Gained mutation: You are clumsy. (Dex -2) [potion of
                  | mutation]
 72770 | Slime:5  | Gained mutation: You expend magic power (3 MP) to
                  | strengthen your wands. [potion of mutation]
 72770 | Slime:5  | Gained mutation: You frequently scream uncontrollably at
                  | your foes. [potion of mutation]
 72771 | Slime:5  | Lost mutation: You do not regenerate when monsters are
                  | visible. [potion of mutation]
 72771 | Slime:5  | Lost mutation: You occasionally lose the ability to drink
                  | potions when taking damage. [potion of mutation]
 72771 | Slime:5  | Lost mutation: Armour fits poorly on your strangely shaped
                  | body. [potion of mutation]
 72771 | Slime:5  | Lost mutation: You are clumsy. (Dex -2) [potion of
                  | mutation]
 72771 | Slime:5  | Lost mutation: You sometimes lose your temper in combat.
                  | [potion of mutation]
 72771 | Slime:5  | Gained mutation: You have a somewhat thin skeletal
                  | structure. (Dex +2, Stealth+) [potion of mutation]
 72772 | Slime:5  | Lost mutation: You have a somewhat thin skeletal structure.
                  | (Dex +2, Stealth+) [potion of mutation]
 72772 | Slime:5  | Lost mutation: You expend magic power (3 MP) to strengthen
                  | your wands. [potion of mutation]
 72772 | Slime:5  | Gained mutation: You are partially covered in iridescent
                  | scales. (AC +2) [potion of mutation]
 72772 | Slime:5  | Gained mutation: Your body sometimes deteriorates upon
                  | taking damage. [potion of mutation]
 72772 | Slime:5  | Gained mutation: You have a pair of large horns on your
                  | head. [potion of mutation]
 72778 | Slime:5  | Lost mutation: You frequently scream uncontrollably at your
                  | foes. [potion of mutation]
 72778 | Slime:5  | Lost mutation: Your body sometimes deteriorates upon taking
                  | damage. [potion of mutation]
 72778 | Slime:5  | Gained mutation: Your mind is acute. (Int +4, Str/Dex -1)
                  | [potion of mutation]
 72778 | Slime:5  | Gained mutation: You occasionally lose the ability to drink
                  | potions when taking damage. [potion of mutation]
 72778 | Slime:5  | Gained mutation: You have an increased reservoir of magic.
                  | (+10% MP) [potion of mutation]
 72779 | Slime:5  | Lost mutation: Your mind is acute. (Int +4, Str/Dex -1)
                  | [potion of mutation]
 72779 | Slime:5  | Lost mutation: You occasionally lose the ability to read
                  | scrolls when taking damage. [potion of mutation]
 73018 | Lair:4   | Learned a level 2 spell: Blink
 73144 | D:8      | Found a staircase to the Lair.
 73354 | Crypt:1  | Entered Level 1 of the Crypt
 73601 | Crypt:1  | Noticed Bunoc's ghost (veteran FoFi)
 73703 | Crypt:1  | Found a transporter.
 73728 | Crypt:1  | Found a transporter.
 74244 | Crypt:1  | Reached skill level 1 in Translocations
 74421 | Crypt:2  | Reached skill level 10 in Ranged Weapons
 74742 | Crypt:2  | Identified the +5 flail "Goblinslayer" {heavy, rElec Int-2
                  | Dex+3}
 75026 | Crypt:3  | Entered Level 3 of the Crypt
 75054 | Crypt:3  | Found an ancient bone altar of Kikubaaqudgha.
 75172 | Crypt:3  | Received a gift from Okawaru
 75198 | Crypt:3  | Reached skill level 25 in Fighting
 76110 | Crypt:3  | Found a staircase to the Tomb.
 76147 | Crypt:3  | Received a gift from Okawaru
 76334 | Crypt:3  | Identified the +1 ring mail of Fun and Games {rF+ rN+}
                  | (Okawaru gifted it to you on level 3 of the Crypt)
 76334 | Crypt:3  | Received a gift from Okawaru
 76563 | Crypt:3  | Found a basalt altar of Yredelemnul.
 76622 | Crypt:3  | Found an ancient bone altar of Kikubaaqudgha.
 76697 | Crypt:3  | Found the +7 sceptre of Torment {pain, torment}
 76705 | Crypt:3  | Identified the ring "Weawn" {rC+ Dex+2}
 76706 | Crypt:3  | Identified the +7 chain mail of Syndicalism {rElec rCorr
                  | Dex+2}
 77173 | Orc:2    | Bought a blackened great mace for 356 gold pieces
 77173 | Orc:2    | Identified the +6 great mace of Garruin {holy, Drain rN+++
                  | Dex+3 SInv} (You bought it in a shop on level 2 of the
                  | Orcish Mines)
 77200 | Orc:2    | Bought a wand of flame (2) for 19 gold pieces
 77200 | Orc:2    | Bought a potion of might for 56 gold pieces
 77200 | Orc:2    | Bought 2 potions of mutation for 224 gold pieces
 77267 | Orc:1    | Bought a potion of mutation for 120 gold pieces
 77331 | Elf:1    | Bought a potion of curing for 99 gold pieces
 77331 | Elf:1    | Bought a potion of resistance for 330 gold pieces
 77331 | Elf:1    | Bought a potion of mutation for 264 gold pieces
 77331 | Elf:1    | Bought a potion of berserk rage for 165 gold pieces
 77331 | Elf:1    | Bought a potion of mutation for 264 gold pieces
 78009 | Vaults:2 | Bought 2 scrolls of fog for 112 gold pieces
 78009 | Vaults:2 | Bought a scroll of magic mapping for 105 gold pieces
 78009 | Vaults:2 | Bought a scroll of teleportation for 42 gold pieces
 78009 | Vaults:2 | Lost mutation: You occasionally shout uncontrollably at
                  | your foes. [potion of mutation]
 78009 | Vaults:2 | Lost mutation: You have a pair of large horns on your head.
                  | [potion of mutation]
 78009 | Vaults:2 | Lost mutation: You occasionally lose the ability to drink
                  | potions when taking damage. [potion of mutation]
 78009 | Vaults:2 | Gained mutation: You are resistant to electric shocks.
                  | (rElec) [potion of mutation]
 78009 | Vaults:2 | Gained mutation: Your spells are a little harder to cast,
                  | but a little more powerful. [potion of mutation]
 79217 | Depths:3 | Found a one-way gate to the infinite horrors of the Abyss.
 79606 | Depths:3 | Found a broken altar of Ashenzari.
 79669 | Depths:3 | Reached XP level 24. HP: 232/243 MP: 34/34
 79757 | Depths:3 | Identified the ring "Rym Sitaas" {Fire Slay+2 SInv}
 79878 | Depths:3 | Found a one-way gateway to a ziggurat.
 80232 | Depths:4 | Entered Level 4 of the Depths
 80316 | Depths:4 | Received a gift from Okawaru
 80476 | Depths:4 | Received a gift from Okawaru
 80490 | Depths:4 | Reached skill level 1 in Stealth
 80801 | Depths:4 | Identified the +2 hat of Shadows and Fog {rF+} (Okawaru
                  | gifted it to you on level 4 of the Depths)
 80801 | Depths:4 | Received a gift from Okawaru
 81353 | Depths:4 | Found a corrupted altar of Lugonu.
 81696 | Depths:4 | Found a gate to the Realm of Zot.
 82165 | Vaults:5 | Entered Level 5 of the Vaults
 82188 | Vaults:5 | Reached skill level 10 in Throwing
 82236 | Vaults:4 | Identified the +2 troll leather armour of Ecepit {Will+
                  | Regen+ Int+3} (Okawaru gifted it to you on level 4 of the
                  | Vaults)
 82236 | Vaults:4 | Received a gift from Okawaru
 82474 | Vaults:5 | Identified the +11 battleaxe "Umado" {venom, rN+ Will-
                  | Str+6 Int+3}
 82618 | Vaults:5 | Noticed a dread lich
 82631 | Vaults:5 | Killed a dread lich
 82770 | Vaults:5 | Got a silver rune of Zot
 82950 | Vaults:5 | Noticed an ancient lich
 82972 | Vaults:5 | Killed an ancient lich
 83131 | Vaults:5 | Reached XP level 25. HP: 253/253 MP: 34/34
 83166 | Vaults:5 | Reached skill level 26 in Fighting
 83422 | Vaults:5 | Received a gift from Okawaru
 83513 | Vaults:5 | Received a gift from Okawaru
 83764 | Vaults:5 | Found Teelu's Jewellery Shoppe.
 83870 | Vaults:5 | Identified the ring of Gen Tocs {rPois Will+ Str+4}
 84363 | Vaults:5 | Received a gift from Okawaru
 84409 | Vaults:5 | Identified the staff of poison "Otzatwas" {rPois Str+2}
 84829 | Depths:3 | Voluntarily entered the Abyss.
 84949 | Abyss:1  | Lost mutation: Your spells are a little harder to cast, but
                  | a little more powerful. [a neqoxec]
 84964 | Abyss:1  | Gained mutation: You are clumsy. (Dex -2) [a neqoxec]
 84970 | Abyss:1  | Found a corrupted altar of Lugonu.
 84978 | Abyss:1  | Gained mutation: You do not regenerate when monsters are
                  | visible. [a neqoxec]
 85030 | Abyss:1  | Found a bloodstained altar of Trog.
 85216 | Abyss:2  | Found a corrupted altar of Lugonu.
 85264 | Abyss:2  | Received a gift from Okawaru
 85743 | Abyss:2  | Found a corrupted altar of Lugonu.
 85918 | Abyss:2  | Found a corrupted altar of Lugonu.
 85975 | Abyss:2  | Found a candlelit altar of Ignis.
 86176 | Abyss:2  | Found a corrupted altar of Lugonu.
 86194 | Abyss:2  | Identified the +8 war axe of Afyrawuoth {antimagic, SInv}
                  | (Okawaru gifted it to you on level 2 of the Abyss)
 86194 | Abyss:2  | Received a gift from Okawaru
 86236 | Abyss:2  | Found a corrupted altar of Lugonu.
 86320 | Abyss:2  | Noticed an ancient lich
 86331 | Abyss:2  | Killed an ancient lich
 86512 | Abyss:3  | Found a corrupted altar of Lugonu.
 86731 | Abyss:3  | Got an abyssal rune of Zot
 86731 | Abyss:3  | Paralysed by accursed screaming for 2 turns
 86740 | Arena    | Entered the Arena
 86773 | Abyss:3  | Noticed an ancient lich
 86773 | Abyss:3  | Found a corrupted altar of Lugonu.
 86773 | Abyss:3  | Found a corrupted altar of Lugonu.
 86790 | Depths:3 | Escaped the Abyss
 88789 | Hell     | Entered the Vestibule of Hell
 88789 | Hell     | Noticed Geryon
 88853 | Arena    | Entered the Arena
 88872 | Arena    | Killed Geryon
 88872 | Arena    | Received a gift from Okawaru
 89117 | Hell     | Paralysed by a wendigo for 1 turns
 89147 | Hell     | Paralysed by a wendigo for 1 turns
 89426 | Depths:2 | Received a gift from Okawaru
 89561 | Hell     | Found a gateway to the freezing wastes of Cocytus.
 89731 | Hell     | Received a gift from Okawaru
 89783 | Hell     | Found a gateway to the ashen valley of Gehenna.
 89831 | Hell     | Reached XP level 26. HP: 225/264 MP: 34/34
 90078 | Hell     | Found a gateway to the decaying netherworld of Tartarus.
 90273 | Hell     | Found a gateway to the Iron City of Dis.
 90599 | Zot:1    | Entered Level 1 of the Realm of Zot
 90804 | Zot:1    | Noticed Vv
 90829 | Zot:1    | Killed Vv
 90830 | Zot:1    | Reached skill level 27 in Fighting
 92398 | Zot:2    | Identified the +4 mace of the Original Sin {speed, Str+7}
                  | (Okawaru gifted it to you on level 2 of the Realm of Zot)
 92398 | Zot:2    | Received a gift from Okawaru
 93094 | Zot:2    | Reached skill level 5 in Translocations
 94132 | Temple   | Fell from the grace of Okawaru
 94132 | Temple   | Became a worshipper of the Shining One
 94538 | Tomb:1   | Entered Level 1 of the Tomb of the Ancients
 94791 | Tomb:1   | Reached * piety under the Shining One
 95135 | Tomb:1   | Reached ** piety under the Shining One
 95234 | Tomb:1   | Reached *** piety under the Shining One
 95462 | Tomb:1   | Noticed a royal mummy
 95480 | Tomb:1   | Killed a royal mummy
 95586 | Tomb:1   | Reached **** piety under the Shining One
 95860 | Tomb:1   | Noticed a royal mummy
 95876 | Tomb:1   | Reached ***** piety under the Shining One
 95883 | Tomb:1   | Gained mutation: Armour fits poorly on your strangely
                  | shaped body. [mutagenic glow]
 95890 | Tomb:1   | Lost mutation: You have an increased reservoir of magic.
                  | (+10% MP) [mutagenic glow]
 95891 | Tomb:1   | HP: 2/266 [death scarab[a Zot trap] (17)]
 95895 | Tomb:1   | Demolished by a death scarab

Illustrated notes

Levels and vault maps discovered:
D:1:      mainiacjoe_arrival_reflecting_pool, layout_basic, minivault_23,
          skrybe_limestone_x
D:2:      kennysheep_six_static_rooms, layout_loops_ring, basic_altar,
          uniq_terence, uniq_jessica
D:3:      layout_basic, nicolae_gozag_zags_fifth_avenue,
          nicolae_ru_path_of_blood, portal_sewer_entry_c,
          kennysheep_generic_room_14, uniq_sigmund
D:4:      layout_loops_ring, nicolae_uskayaw_dance_hall,
          lemuel_coloured_pillars_altar, enter_ossuary_2, uniq_ijyb,
          uniq_blork_the_orc, uniq_crazy_yiuf_cottage
D:5:      layout_loops_ring, grunt_dithmenos_smoke, general_overflow_altar,
          minmay_temple_entry_waves, uniq_duvessa
D:6:      nicolae_cairo_tiling_very_big, layout_cave_pods,
          nicolae_yredelemnul_corpse_copse, mainiacjoe_overflow_24_doors,
          serial_demonic, serial_demonic_b, serial_demonic_f, serial_demonic_a,
          serial_demonic_d, serial_demonic_e, serial_demonic_g,
          serial_demonic_a, serial_demonic_f, uniq_pikel
D:7:      layout_loops_ring, lemuel_round_altar
D:8:      layout_loops_cross, hellmonk_lair_entry_icy,
          nicolae_straight_to_the_point, uniq_psyche
D:9:      layout_cave_pods
D:10:     layout_small_grid, david_orc_4, enter_bailey_7, the_hattery
D:11:     minmay_the_grid_square_5x5_5x5_mashed
          [minmay_the_grid_square_5x5_empty,
          minmay_the_grid_square_5x5_checkered_statues,
          minmay_the_grid_square_5x5_beaten_path,
          minmay_the_grid_square_5x5_tetrominoes,
          minmay_the_grid_square_5x5_three_walls,
          minmay_the_grid_square_5x5_shrine2,
          minmay_the_grid_square_5x5_prize_snowflake,
          minmay_the_grid_square_5x5_detours,
          minmay_the_grid_square_5x5_prize_junk,
          minmay_the_grid_square_5x5_longway,
          minmay_the_grid_square_5x5_inner_z,
          minmay_the_grid_square_5x5_intrusive_squares,
          minmay_the_grid_square_5x5_prize_open,
          minmay_the_grid_square_5x5_dogpile,
          minmay_the_grid_square_5x5_two_small, minmay_the_grid_square_5x5_v,
          minmay_the_grid_square_5x5_prize_monsterx,
          minmay_the_grid_square_5x5_n,
          minmay_the_grid_square_5x5_prize_rear_guard,
          minmay_the_grid_square_5x5_tie, minmay_the_grid_square_5x5_c,
          minmay_the_grid_square_5x5_empty, minmay_the_grid_square_5x5_bridge,
          minmay_the_grid_square_5x5_bite, minmay_the_grid_square_5x5_z],
          layout_basic, nicolae_wu_jian_immortal_techniques, uniq_harold
D:12:     kennysheep_scales, layout_stronghold, chequers_avenue, uniq_josephine,
          uniq_fannar
D:13:     layout_basic, minmay_misc_feat_five, eino_curves_04,
          minmay_splitting_lines, lightli_minifort
D:14:     layout_basic, hangedman_vaults_entry_quadrant_bands,
          hangedman_abyss_or_decor_passed, uniq_nessos
D:15:     grunt_enter_depths_snipers, layout_basic, serial_curves,
          eino_curves_01, eino_curves_02
Temple:   oiseaux_autumnal_temple
Lair:1:   layout_cave_pods
Lair:2:   layout_loops_ring, elwin_shoals_entry_stream,
          hellmonk_spider_entry_life_and_decay, beast_lair_carwin_7
Lair:3:   layout_hall_layers, basic_altar, grunt_megastairs_1,
          serial_bayou_shore_a, infiniplex_staircase_pool, lemuel_fruit_fields
Lair:4:   layout_roguey, slime_entry_2, grunt_megastairs_2
Lair:5:   hangedman_lair_in_review, layout_small_grid, guppyfry_lair_end_dragon,
          uniq_sonja
Shoals:1: cheibrodos_shoals_satyrical_garden, layout_shoals
Shoals:2: layout_shoals
Shoals:3: layout_shoals, nicolae_shoals_wave_tunnel
Shoals:4: shoals_end_grunt_ice, layout_shoals, shoals_ilsuiw_alternative,
          serial_shops, shop, portal_ice_cave_entry_ice_simulacra,
          uniq_polyphemus
Spider:1: layout_chambers
Spider:2: layout_chambers, nicolae_spider_cling_halls
Spider:3: layout_spider_delve, nicolae_orb_stairs
Spider:4: hellmonk_spider_rune_bug_friends, nicolae_spider_swamp_cousins
Slime:1:  layout_caves
Slime:2:  layout_caves, cheibrodos_slime_lost_civilization_6
Slime:3:  layout_caves
Slime:4:  layout_caves, nicolae_slime_rock_hall_of_fame
Slime:5
Orc:1:    layout_caves, serial_shops, nicolae_lakefront_shop,
          nicolae_volcano_entry_lava_flow, mines2_lemuel
Orc:2:    grunt_orc_gardens, layout_diamond_mine, grunt_orc_garden,
          grunt_orc_garden, grunt_orc_garden, grunt_orc_garden, roderic_batcave
Elf:1:    minmay_elf_arrival_circle, layout_loops_corners,
          nicolae_trove_entry_columns, serial_shops, shop,
          hangedman_elf_represent, grunt_megastairs_4, lemuel_upstairs_altar,
          minmay_shoptagon
Elf:2:    nicolae_elf_blades_splatter_lattice [infiniplex_blade_entry_pillars],
          layout_gridlike, basic_altar
Elf:3:    elf_hall, layout_gridlike, serial_shops, nicolae_shop_window_shopping,
          st_stairs_12, dreamdust_princess_corridor,
          nicolae_elf_big_sculpture_3, einodemon_barbed_minivault
Vaults:1: v_rooms_6, hangedman_vaults_hat, nicolae_vaults_door_testing_chamber,
          v_misc_3, nicolae_vaults_offset_grid_hallway_3,
          nicolae_vaults_little_squares_6, ontoclasm_vaults_gateway,
          nicolae_vaults_little_squares_5, vaults_mumra_hexcomb,
          nicolae_vaults_stepped_doors, serial_ice_b, layout_vaults_ring
Vaults:2: hangedman_vaults_unwind, nicolae_vaults_trapezoid_2, v_misc_26,
          v_rooms_3, nicolae_vaults_offset_grid_hallway_3,
          minmay_crypt_entry_necro_gods, vaults_room_ringed_pool,
          nicolae_vaults_six-pack, nicolae_vaults_storage_closets_2, v_misc_9,
          ontoclasm_vaults_twist, nicolae_vaults_little_squares_3,
          layout_vaults_omnibox, serial_shops, nicolae_shop_back_alley_shop,
          uniq_sojobo, uniq_jory, uniq_saint_roka
Vaults:3: hangedman_vaults_stitches, ontoclasm_vaults_claustrophobia,
          nicolae_vaults_specimen_jars, nicolae_vaults_ring_of_whatevers,
          nicolae_vaults_sightless_eye, nicolae_vaults_network_periphery,
          vaults_room_hallway, hangedman_vaults_nodes,
          nicolae_vaults_yaktaur_gun_rack, nicolae_vaults_heist,
          layout_vaults_omnigrid
Vaults:4: nicolae_vaults_ring_of_whatevers, nicolae_vaults_apartment_2,
          nicolae_vaults_tetromino_Z_2, nicolae_vaults_network_barrier,
          v_misc_14, v_misc_5, vaults_mumra_chevron, ontoclasm_vaults_idyll,
          nicolae_vaults_closet_pinwheel_6, ontoclasm_vaults_eye,
          layout_vaults_omnicross
Vaults:5: serial_shops
Crypt:1:  layout_gridlike, gammafunk_ghost_abyssal_escape
Crypt:2:  layout_misc_corridors
Crypt:3:  lightli_unholy_cathedral, layout_chaotic_city,
          tomb_entry_simple_bobbens, basic_altar
Tomb:1
Depths:1: layout_long_grid, hellmouth_1, kennysheep_pointless_box,
          hangedman_research_geology, minmay_shop_grove,
          roderic_lattice_octagonal_star, infiniplex_staircase_pool_lava,
          uniq_nikola
Depths:2: nicolae_fronds_of_death, layout_twisted_cross, hell_entry, pan_entry,
          uniq_enchantress, uniq_asterion
Depths:3: nzn_winding_woodlands_small [nzn_winding_woodlands_5x15_cabin,
          nzn_winding_woodlands_center_diamonds,
          nzn_winding_woodlands_5x15_jagged], layout_cave_shapes,
          enter_ziggurat_e, abyss_entry, nicolae_ashenzari_skybound, hell_entry,
          rand_demon_pan_entry_8, infiniplex_staircase_pool_2
Depths:4: grunt_zot_entry_gee_three, layout_gridlike, abyss_entry_flame_altar,
          pf_coc_iceberg, chequers_jeans
Hell
Zot:1:    layout_basic, uniq_vv, uniq_josephina
Zot:2:    layout_cellular_growth
Zot:3:    layout_basic

Skill      XL: |  1  2  3  4  5  6  7  8  9 10 11 12 13 14 15 16 17 18 19 20 21 22 23 24 25 26 |
---------------+-------------------------------------------------------------------------------+-----
Axes           | 3 4 5 7 9 10 11 13 14 15 16 17 18 19 20 21 22 23 24 | 24.9
Fighting       | 5 6 8 10 11 13 14 15 17 18 20 21 22 23 24 25 26 27 | 27.0
Armour         | 5 6 8 9 10 11 12 13 14 15 16 17 18 20 22 23 24 25 | 25.5
Shields        | 5 6 8 9 10 12 13 15 16 | 16.0
Invocations    | 3 4 5 7 8 9 10 11 12 | 12.7
Evocations     | 2 4 5 6 7 8 |  8.6
Dodging        | 3 5 7 9 10 11 13 14 15 16 17 18 19 20 | 20.7
Throwing       | 2 4 5 7 11 14 | 14.7
Ranged Weapons | 2 5 6 7 9 10 | 10.4
Translocations | 3 4 5 |  5.8
Stealth        | 4 |  4.5

Action                     |  1- 3 |  4- 6 |  7- 9 | 10-12 | 13-15 | 16-18 | 19-21 | 22-24 | 25-27 || total
---------------------------+-------+-------+-------+-------+-------+-------+-------+-------+-------++-------
  Melee: War axe           |    55 |   130 |   285 |   613 |   322 |       |       |       |       ||  1405
         Headbutt          |     4 |    13 |    46 |   136 |   299 |   345 |   394 |   568 |   466 ||  2271
         Broad axe         |       |       |       |       |   839 |  1385 |  1443 |  1594 |  1241 ||  6502
   Fire: Triple crossbow   |       |       |       |       |    12 |       |       |       |       ||    12
         Hand crossbow     |       |       |       |       |       |     4 |    22 |       |       ||    26
  Throw: Dart              |       |       |       |       |     4 |       |       |       |       ||     4
         Javelin           |       |       |       |       |       |       |       |       |     5 ||     5
   Cast: Blink             |       |       |       |       |       |       |       |       |     2 ||     2
 Invoke: Heroism           |       |       |       |     4 |     5 |     7 |     8 |     3 |     2 ||    29
         Finesse           |       |       |       |     2 |     5 |     7 |     7 |     3 |     2 ||    26
         Duel              |       |       |       |       |       |       |       |       |     2 ||     2
         Cleansing Flame   |       |       |       |       |       |       |       |       |     1 ||     1
Ability: Evoke Blink       |       |       |       |       |     1 |       |       |       |     2 ||     3
  Evoke: Wand              |       |       |       |     5 |     7 |     2 |     1 |       |       ||    15
    Use: Potion            |       |     6 |     2 |     6 |     2 |     1 |     8 |    15 |    18 ||    58
         Scroll            |       |    10 |     4 |     7 |     4 |    13 |     8 |     8 |     9 ||    63
   Stab: Petrifying        |       |       |       |       |       |       |     1 |       |       ||     1
         Distracted        |       |       |       |       |       |       |       |       |     1 ||     1
 Armour: Scale mail        |    21 |    39 |       |       |       |       |       |       |       ||    60
         Plate armour      |       |     7 |   114 |   250 |   484 |   642 |   260 |    81 |       ||  1838
         Ice dragon scales |       |       |       |       |       |    20 |       |       |       ||    20
         Gold dragon scale |       |       |       |       |       |       |    93 |   293 |   489 ||   875
  Dodge: Dodged            |    24 |    66 |    43 |   103 |   233 |   434 |   332 |   485 |   726 ||  2446
  Block: Buckler           |    13 |    23 |       |       |       |       |       |       |       ||    36
         Kite shield       |       |     3 |   174 |   413 |   784 |  1258 |  1201 |  1268 |  1144 ||  6245
         Reflection        |       |       |       |       |       |   104 |   142 |    17 |       ||   263
